AoeStats
← Frank

Arabia

506328939Analyzed
1v1 RM · 18d ago on Sep 13, 2026· 28m 27s· 2 players
Game mode
Random Map
Map size
Tiny (2 player)
Population
200
Speed
Normal
Resources
Standard
Victory
Conquest
Starting age
Dark Age
Ending age
Imperial Age
RankedLock teamsTeams togetherTeam positionsShared explorationLock speedFull tech treeHidden civsTurbo modeCheats
Victory
Defeat
🇫🇷 Portuguese · France
917
+15
🇲🇽 Berbers · Mexico
902
-36
Frank
5:22 Loom
10:43 Feudal Age
13:54 Horse Collar
14:03 Double-Bit Axe
19:04 Bloodlines
24:01 Castle Age
23:58 Wheelbarrow
24:52 Forging
24:52 Heavy Plow
26:10 Scale Barding Armor
26:42 Iron Casting
26:33 Bow Saw
27:17 Chain Barding Armor
CapPopaye
10:57 Feudal Age
17:04 Castle Age
14:52 Horse Collar
14:59 Double-Bit Axe
15:47 Gold Mining
16:49 Loom
17:39 Wheelbarrow
19:19 Bow Saw
21:15 Heavy Plow
25:43 Scale Barding Armor
25:48 Forging
27:38 Husbandry
27:49 Bloodlines
28:20 Iron Casting
Connection lost

Rejoining the realm…

Still unreachable

The connection could not be restored.

Session expired

The server has moved on; the page needs a fresh start.